 Dungeon Crawl Stone Soup version 0.28-a0-793-g31680bbd8b (console) character file.

Game seed: 614307512883826052

11 jejorda2 the Skirmisher (level 2, 0/24 HPs)
             Began as a Demonspawn Fighter on Nov 3, 2021.
             Succumbed to a goblin's poison
             ... on level 1 of the Dungeon.
             The game lasted 00:01:46 (331 turns).

jejorda2 the Skirmisher (Demonspawn Fighter)         Turns: 331, Time: 00:01:46

Health: 0/24       AC:  6    Str: 16    XL:     2   Next: 17%
Magic:  2/2        EV:  9    Int:  9    God:
Gold:   0          SH:  4    Dex: 12    Spells: 1/1 levels left

rFire   . . .      SeeInvis .   a - +0 flail
rCold   . . .      Faith    .   c - +0 buckler
rNeg    . . .      Spirit   .   b - +0 scale mail
rPois   .          Reflect  .   (no helmet)
rElec   .          Harm     .   (no cloak)
rCorr   .          Rampage  .   (no gloves)
Will    .....                   (no boots)
Stlth   ..........              (no amulet)
HPRegen 0.08/turn               (no ring)
MPRegen 0.08/turn               (no ring)

@: lethally poisoned (0 -> -1)
A: demonic touch 1
a: no special abilities


You were on level 1 of the Dungeon.
You visited 1 branch of the dungeon, and saw 1 of its levels.

Inventory:

Hand Weapons
 a - a +0 flail (weapon)
Armour
 b - a +0 scale mail (worn)
 c - a +0 buckler (worn)
Jewellery
 e - a ring of fire
Scrolls
 f - a scroll of fog {unknown}
 g - a scroll of enchant weapon {unknown}
 h - a scroll of identify {unknown}
Potions
 d - a potion of might


   Skills:
 + Level 3.1 Fighting
 + Level 2.0 Maces & Flails
 - Level 2.6 Armour
 * Level 3.0 Shields


You had one spell level left.
You didn't know any spells.
Your spell library was empty.

Dungeon Overview and Level Annotations

Branches:
Dungeon (1/15)

Altars:


Innate Abilities, Weirdness & Mutations

Your touch may inflict minor irresistible damage on your foes.


Message History

The goblin shouts!
The giant cockroach bites you.
You barely miss the giant cockroach.
The giant cockroach bites you but does no damage. x2
You closely miss the giant cockroach. The giant cockroach barely misses you.
The goblin hits you but does no damage.
You are poisoned.
The giant cockroach closely misses you.
You hit the giant cockroach.
You kill the giant cockroach!
You feel very sick.
The goblin hits you with a +0 dagger of venom.
You closely miss the goblin.
You feel sick. You block the goblin's attack.
The goblin hits you but does no damage.
You are lethally poisoned!
You sock the goblin!
You kill the goblin!
You feel very sick.
No target in view!
There is a lethal amount of poison in your body!
Okay, then.
You feel very sick.
You feel sick.
* * * LOW HITPOINT WARNING * * *
You feel sick.
* * * LOW HITPOINT WARNING * * *
You feel sick.
* * * LOW HITPOINT WARNING * * *
You feel sick.
A kobold comes into view. It is wielding a +0 dagger.
Found a rapier.
* * * LOW HITPOINT WARNING * * *
You feel sick.
The kobold shouts!
A bat comes into view.
* * * LOW HITPOINT WARNING * * *
You feel sick.
* * * LOW HITPOINT WARNING * * *
You feel sick.
You die...

.. #.#.#
#.#.###########
#.#.#.......... ##
#.#.#.#########
##.######.#.#..........
#.....@...#.#..########
##.#####.)#.#..# #.
#..#.#..###### ..
#.......†....### K..
#............... ....
.[...###..#.##....
##.b...###.##
#..#.###### ..). #.#
#.......... ...
##.#..#####


There were no monsters in sight!

Vanquished Creatures
  3 ball pythons (D:1)
  An endoplasm (D:1)
  A giant cockroach (D:1)
  3 bats (D:1)
  2 goblins (D:1)
10 creatures vanquished.

Notes
Turn   | Place    | Note
-------+----------+-------------------------------------------
     0 | D:1      | jejorda2 the Demonspawn Fighter began the quest for the
                  | Orb.
     0 | D:1      | Reached XP level 1. HP: 18/18 MP: 1/1
   310 | D:1      | Gained mutation: Your touch may inflict minor irresistible
                  | damage on your foes. [demonic ancestry]
   310 | D:1      | Reached XP level 2. HP: 24/24 MP: 2/2
   330 | D:1      | HP: 1/24 [poisoned by a goblin]
   331 | D:1      | Succumbed to a goblin's poison

Illustrated notes

Levels and vault maps discovered:
D:1:      dpeg_arrival_three_smaller_balls, layout_loops_ring,
          chequers_ecumenical_altar_simple

Skill      XL: |  1 |
---------------+----+-----
Maces & Flails | 2 |  2.0
Shields        | 3 |  3.0
Fighting       | |  3.1
Armour         | |  2.6

Action                   || total
-------------------------++-------
Melee: Flail             ||    25
Armor: Scale mail        ||    13
Dodge: Dodged            ||    16
Block: Buckler           ||     6

Table legend: (Time is in decaauts)
 A = Elapsed time spent in this place.
 B = Non-inter-level travel time spent in this place.
 C = Inter-level travel time spent in this place.
 D = Time resting spent in this place.
 E = Time spent auto-exploring this place.
 F = Levels seen in this place.
 G = Mean time per level.
                   A        B        C        D        E       F      G
               +--------+--------+--------+--------+--------+-----+--------+
         Total |    339 |    339 |      0 |      0 |    273 |   1 |  339.0 |
       Dungeon |    339 |    339 |      0 |      0 |    273 |   1 |  339.0 |
               +--------+--------+--------+--------+--------+-----+--------+

Top non-repeatable levels by time:
     D:1: 339 daAuts
